 Dungeon Crawl Stone Soup version 0.24-a0-176-gc3651c4 (webtiles) character file.

Game seed: 18271827917053048359

23 Dfrag the Firebug (level 2, 0/19 HPs)
             Began as a Demonspawn Fire Elementalist on Mar 12, 2019.
             Succumbed to an adder's poison
             ... on level 2 of the Dungeon.
             The game lasted 00:01:49 (470 turns).

Dfrag the Firebug (Demonspawn Fire Elementalist)     Turns: 470, Time: 00:01:49

Health: 0/19       AC:  2    Str:  8    XL:     2   Next: 75%
Magic:  0/5        EV: 12    Int: 16    God:
Gold:   34         SH:  0    Dex: 13    Spells: 4/5 levels left

rFire    . . .     SeeInvis .   (no weapon)
rCold    . . .     Gourm    .   (no shield)
rNeg     . . .     Faith    .   a - +0 robe
rPois    .         Spirit   .   (no helmet)
rElec    .         Reflect  .   (no cloak)
rCorr    .         Harm     .   (no gloves)
MR       .....                  (no boots)
Stlth    ++........             (no amulet)
HPRegen  0.06/turn              (no ring)
MPRegen  0.09/turn              (no ring)

@: lethally poisoned (0 -> -7), flying, very slightly contaminated
A: claws 1
a: no special abilities


You were on level 2 of the Dungeon.
You were not hungry.

You visited 1 branch of the dungeon, and saw 2 of its levels.

You collected 34 gold pieces.

Inventory:

Armour
 a - a +0 robe (worn)
Scrolls
 b - a scroll of teleportation {unknown}
 e - a scroll of remove curse {unknown}
Potions
 f - a potion of ambrosia {unknown}
 g - a potion of degeneration {unknown}
Comestibles
 c - 3 rations


   Skills:
 - Level 1.7 Dodging
 - Level 1.7 Stealth
 + Level 2.4 Spellcasting
 + Level 1.7 Conjurations
 + Level 3.1 Fire Magic


You had 4 spell levels left.
You knew the following spells:

 Your Spells              Type           Power        Failure   Level  Hunger
a - Flame Tongue          Conj/Fire      #....        8%          1    #......

Your spell library contained the following spells:

 Spells                   Type           Power        Failure   Level  Hunger
 Throw Flame              Conj/Fire      #.....       11%         2    ###....
 Conjure Flame            Conj/Fire      #.......     22%         3    ###....
 Inner Flame              Hex/Fire       #.......     32%         3    ###....
 Sticky Flame             Conj/Fire      #.......     58%         4    #####..
 Fireball                 Conj/Fire      #.........   90%         5    ######.


Dungeon Overview and Level Annotations

Branches:
Dungeon (2/15)

Altars:


Innate Abilities, Weirdness & Mutations

You have sharp fingernails.


Message History

The adder hisses angrily.
The giant cockroach barely misses you. The adder closely misses you.
The adder bites you.
* * * LOW HITPOINT WARNING * * *
Found a stone staircase leading down.
The adder bites you but does no damage.
Casting: Flame Tongue (safe; 8% risk of failure)
Confirm with . or Enter, or press ? or * to list all spells.
Aiming: Flame Tongue (safe; 8% risk of failure)
Press: ? - help, Shift-Dir - straight line, f - adder
Aim: an adder You miscast Flame Tongue.
Nothing appears to happen.
The adder bites you.
* * * LOW HITPOINT WARNING * * *
You are lethally poisoned!
The adder poisons you!
Unknown command.
It was a potion of flight.
You feel very buoyant.
You fly up into the air.
You die...

.# ##.# #. ..# .
# .%. .### .#...
###.# #...
..#..##...##...#
..#......#.#..#
.....###.@..†#
.......sS#.<##
..>.##S###.# ..
#.###.#####
#..##.....#
##.S......#
###.........
##......##
#........


You could see 2 adders and a giant cockroach.

Vanquished Creatures
  A leopard gecko (D:1)
  3 bats (D:1)
  2 giant cockroaches (D:1)
  5 goblins (D:1)
  A hobgoblin (D:1)
  4 kobolds
  A ball python (D:1)
  A frilled lizard (D:1)
  3 rats (D:1)
21 creatures vanquished.

Notes
Turn   | Place    | Note
-------+----------+-------------------------------------------
     0 | D:1      | Dfrag the Demonspawn Fire Elementalist began the quest for
                  | the Orb.
     0 | D:1      | Reached XP level 1. HP: 13/13 MP: 3/3
   102 | D:1      | Gained mutation: You have sharp fingernails. [demonic
                  | ancestry]
   102 | D:1      | Reached XP level 2. HP: 11/19 MP: 0/5
   162 | D:1      | Reached skill level 3 in Fire Magic
   470 | D:2      | Succumbed to an adder's poison

Levels and vault maps discovered:
D:1:      minmay_arrival_shattered_statue, layout_basic
D:2:      layout_rooms, marbit_many_paths

Skill      XL: |  1  2 |
---------------+-------+-----
Fire Magic     | 3 |  3.1
Dodging        | |  1.7
Stealth        | |  1.7
Spellcasting   | |  2.4
Conjurations   | |  1.7

Action                   || total
-------------------------++-------
Melee: Unarmed           ||    24
 Cast: Flame Tongue      ||    34
  Use: Potion            ||     1
Armor: Robe              ||    18
Dodge: Dodged            ||    43

Table legend:
 A = Non-vault XP
 B = Vault XP
 C = Vault XP percentage of total XP
 D = Non-vault monster count
 E = Vault monster count
 F = Vault count percentage of total count
                 A         B        C        D         E       F
            +---------+---------+-------+---------+---------+-------
      Total |      34 |       0 |   0.0 |      21 |       0 |   0.0
            +---------+---------+-------+---------+---------+-------
        D:1 |      32 |       0 |   0.0 |      20 |       0 |   0.0
        D:2 |       2 |       0 |   0.0 |       1 |       0 |   0.0
            +---------+---------+-------+---------+---------+-------
